 Dungeon Crawl Stone Soup version 0.30.0-29-ga12c61a403 (webtiles) character file.

Game seed: 7678839099771352717

46 BillyBaka the Ducker (level 3, -3/25 HPs)
             Began as a Djinni Fire Elementalist on June 12, 2023.
             Slain by an orc
             ... wielding a +0 flail
              (5 damage)
             ... on level 3 of the Dungeon.
             The game lasted 00:10:07 (1831 turns).

BillyBaka the Ducker (Djinni Fire Elementalist)     Turns: 1831, Time: 00:10:08

Health: -3/25      AC:  3    Str:  7    XL:     3   Next: 92%
Gold:   134        EV: 12    Int: 18    God:
                   SH:  0    Dex: 13

rFire   + + .        m - +0 rapier
rCold   . . .        (no shield)
rNeg    . . .        a - +0 robe
rPois   ∞            (no helmet)
rElec   .            (no cloak)
rCorr   .            n - +0 pair of gloves
SInv    .            (boots unavailable)
Will    .....        (no amulet)
Stlth   ++           e - ring of protection from cold
HPRegen 0.24/turn    (no ring)
MPRegen 0.00/turn

%: infuse magic (-4 HP)
@: flying
A: sickness immunity, fire resistance 2, cold vulnerability 1, float, innate
caster, HP casting, extra vitality 1
a: no special abilities


You were on level 3 of the Dungeon.
You visited 1 branch of the dungeon, and saw 3 of its levels.

You collected 134 gold pieces.

Inventory:

Hand Weapons
 m - a +0 rapier (weapon)
Armour
 a - a +0 robe (worn)
 n - a +0 pair of gloves (worn)
Jewellery
 e - a ring of protection from cold (left hand)
Scrolls
 c - a scroll of immolation {unknown}
 d - 3 scrolls of identify {unknown}
 g - a scroll of poison {unknown}
 h - a scroll of brand weapon {unknown}
 i - a scroll of enchant weapon {unknown}
Potions
 b - a potion of brilliance {unknown}
 f - a potion of lignification {unknown}
 j - 2 potions of degeneration {unknown}
 k - a potion of invisibility {unknown}
 l - a potion of flight {unknown}


   Skills:
 + Level 3.0 Dodging
 + Level 2.3 Stealth
 + Level 2.8 Spellcasting


You knew the following spells:

 Your Spells              Type           Power      Damage    Failure   Level
a - Foxfire               Conj/Fire      48%        2x1d6     4%          1
b - Scorch                Fire           24%        2d6       8%          2
c - Volatile Blastmotes   Fire/Tloc      24%        2d12      16%         3
d - Inner Flame           Hex/Fire       12%        N/A       16%         3
e - Flame Wave            Conj/Fire      12%        2d6       45%         4
f - Freeze                Ice            48%        1d6       4%          1
Your spell library was empty.

Dungeon Overview and Level Annotations

Branches:
Dungeon (3/15)

Altars:


Innate Abilities, Weirdness & Mutations

You are immune to sickness and miasma.
You are immune to poison.
Your flesh is very heat resistant. (rF++)
You are vulnerable to cold. (rC-)
You float through the air rather than walking.
You learn spells naturally, not from books.
Your magical power is your life essence.
You have superior vitality. (+4 MHP)


Message History

You hear a shout!
Casting: Foxfire (safe; 4% risk of failure)
Confirm with . or Enter, or press ? or * to list all spells.
You conjure some foxfire!
The foxfire hits the orc but does no damage. x2
Casting: Foxfire (safe; 4% risk of failure)
Confirm with . or Enter, or press ? or * to list all spells.
You conjure some foxfire!
The orc hits you but does no damage.
An orc priest comes into view. It is wielding a +0 club.
The foxfire hits the orc but does no damage. x2
Casting: Foxfire (safe; 4% risk of failure)
Confirm with . or Enter, or press ? or * to list all spells.
You conjure some foxfire!
The orc barely misses you.
The foxfire hits the orc.
The orc is moderately wounded.
The foxfire hits the orc.
The orc is severely wounded.
An orc comes into view. It is wielding a +0 club.
Casting: Foxfire (safe; 4% risk of failure)
Confirm with . or Enter, or press ? or * to list all spells.
You conjure some foxfire!
The orc shouts!
The foxfire hits the orc.
The orc is almost dead.
The foxfire hits the orc priest.
The orc priest is moderately wounded.
The orc hits you with a +0 flail!
The orc priest calls upon Beogh to heal the orc.
The orc's wounds heal themselves!
Casting: Foxfire (safe; 4% risk of failure)
Confirm with . or Enter, or press ? or * to list all spells.
You conjure some foxfire!
The orc hits you with a +0 flail.
Your foxfire dissipates!
The orc attacks as you move away! The orc hits you but does no damage.
The foxfire hits the orc but does no damage.
The orc priest mumbles some strange prayers to Beogh against you.
Pain shoots through your body!
* * * LOW HITPOINT WARNING * * *
The orc attacks as you move away! The orc hits you with a +0 flail.
You die...

#.#.# #.#.#
##+#+#'#.#
#........#
#....o...#####
#....o.......+
#........#####
#...§o...#
#...@....#
#(.......#
#........#
+........#
#.....<..#
#........#
...........#
######.......
#########


You could see an orc priest and 2 orcs.

Vanquished Creatures
  An adder (D:2)
  A worm (D:2)
  A dart slug (D:1)
  A ball python (D:1)
  2 endoplasms (D:2)
  2 giant cockroaches
  2 goblins (D:2)
  6 hobgoblins
  A kobold (D:2)
  4 bats
  6 frilled lizards
  4 rats
31 creatures vanquished.

Vanquished Creatures (others)
  114 foxfires
114 creatures vanquished.

Grand Total: 145 creatures vanquished

Notes
Turn   | Place    | Note
-------+----------+-------------------------------------------
     0 | D:1      | BillyBaka the Djinni Fire Elementalist began the quest for
                  | the Orb.
     0 | D:1      | BillyBaka set off with the following spells memorised:
                  | Foxfire, Scorch, Volatile Blastmotes, Inner Flame, Flame
                  | Wave.
     0 | D:1      | Reached XP level 1. HP: 15/15 MP: 0/0
   288 | D:1      | Reached XP level 2. HP: 12/21 MP: 0/0
  1149 | D:2      | Reached XP level 3. HP: 17/25 MP: 0/0
  1149 | D:2      | Learned a level 1 spell: Freeze
  1704 | D:2      | Reached skill level 3 in Dodging
  1831 | D:3      | Slain by an orc

Illustrated notes

Levels and vault maps discovered:
D:1:      nzn_arrival_depleted_hourglass, layout_loops_ring
D:2:      layout_basic, st_stairs_7, grunt_ministairs_12, minmay_misc_feat_iff,
          mrwooster_statue_mirror
D:3:      layout_basic, mainiacjoe_overflow_surrounded_room,
          nicolae_overflow_hidden_temple, serial_shops, shop, uniq_natasha

Skill      XL: |  1  2  3 |
---------------+----------+-----
Stealth        | 2 |  2.3
Dodging        | 3 |  3.0
Spellcasting   | |  2.8

Action                     || total
---------------------------++-------
  Melee: Unarmed           ||     1
   Cast: Foxfire           ||    76
 Armour: Robe              ||     7
  Dodge: Dodged            ||    30
